 Dungeon Crawl Stone Soup version 0.22.0-6-g71bd7aa (webtiles) character file.

12 ventricule the Vexing (level 2, 0/28 HPs)
             Began as an Ogre Arcane Marksman on Aug 15, 2018.
             Slain by a kobold (1 damage)
             ... on level 1 of the Dungeon.
             The game lasted 00:02:15 (584 turns).

ventricule the Vexing (Ogre Arcane Marksman)         Turns: 584, Time: 00:02:16

Health: 0/28       AC:  3    Str: 13    XL:     2   Next: 33%
Magic:  1/3        EV: 10    Int: 14    God:
Gold:   13         SH:  0    Dex:  9    Spells: 2/3 levels left

rFire    . . .     SeeInvis .   f - +0 club
rCold    . . .     Gourm    .   (no shield)
rNeg     . . .     Faith    .   a - +0 robe
rPois    .         Spirit   .   (helmet restricted)
rElec    .         Reflect  .   (no cloak)
rCorr    .         Harm     .   (gloves unavailable)
MR       .....                  (boots unavailable)
Stlth    +.........             (no amulet)
HPRegen  0.09/turn              (no ring)
MPRegen  0.08/turn              (no ring)

@: no status effects
A: large, unfitting armour, tough skin 1
a: no special abilities


You were on level 1 of the Dungeon.
You were not hungry.

You visited 1 branch of the dungeon, and saw 1 of its levels.

You collected 13 gold pieces.

Inventory:

Hand Weapons
 f - a +0 club (weapon)
Missiles
 c - 4 large rocks (quivered) {!d}
 d - 2 throwing nets {=f}
 h - 8 javelins
Armour
 a - a +0 robe (worn)
Scrolls
 g - a scroll of teleportation {unknown}
Comestibles
 b - 4 chunks of flesh
 e - 3 rations


   Skills:
 - Level 1.9 Fighting
 + Level 1.1 Maces & Flails
 - Level 2.0 Throwing
 - Level 2.0 Dodging
 - Level 1.2 Spellcasting
 - Level 2.6 Hexes


You had 2 spell levels left.
You knew the following spells:

 Your Spells              Type           Power        Failure   Level  Hunger
v - Corona                Hex            #......      9%          1    ##.....

Your spell library contained the following spells:

 Spells                   Type           Power        Failure   Level  Hunger
 Cause Fear               Hex            #.........   65%         4    #####..
 Slow                     Hex            #.......     13%         2    ###....
 Portal Projectile        Hex/Tloc       #.....       41%         3    ####...
 Leda's Liquefaction      Hex/Erth       #.........   83%         4    #####..
 Inner Flame              Hex/Fire       #.......     41%         3    ####...


Dungeon Overview and Level Annotations

Branches:
Dungeon (1/15)

Altars:


Innate Abilities, Weirdness & Mutations

You are too large for most types of armour.
You have tough skin. (AC +1)


Message History

Aim: a kobold (chance to defeat MR: 61%)
The kobold is outlined in light.
The kobold throws a stone.
The stone misses you.
You now have 1/3 mp.
The kobold hits you but does no damage.
Things that are here:
a whip; a kobold corpse; a bat corpse You barely miss the kobold.
The kobold hits you but does no damage. The kobold barely misses you.
You barely miss the kobold. The kobold hits you.
* * * LOW HITPOINT WARNING * * *
You take 1 damage, and have 6/28 hp.
You hit the kobold but do no damage. The kobold hits you.
* * * LOW HITPOINT WARNING * * *
You take 2 damage, and have 4/28 hp.
You hit the kobold. The kobold hits you but does no damage.
You hit the kobold. The kobold hits you.
* * * LOW HITPOINT WARNING * * *
The kobold hits you.
You die...

#..#...# #. ..#
#..#...# ### #
#..#######.
#.#.#........K.
..?......######
####.##..###
#.#..K..# #
#.#K### ...#@#
#####(#
.......(#
#########


You could see 2 kobolds.

Vault maps used:
D:1:      ldierk_walled_garden, solitary_fountain, minivault_14

Notes
Turn   | Place    | Note
-------+----------+-------------------------------------------
     0 | D:1      | ventricule the Ogre Arcane Marksman began the quest for the Orb.
     0 | D:1      | Reached XP level 1. HP: 19/19 MP: 2/2
   239 | D:1      | Identified a +0 club (You took it off a goblin on level 1 of the Dungeon)
   248 | D:1      | Reached skill level 2 in Dodging
   419 | D:1      | Reached XP level 2. HP: 24/28 MP: 1/3
   572 | D:1      | Reached skill level 1 in Maces & Flails
   575 | D:1      | HP: 6/28 [kobold/whip (2)]
   581 | D:1      | HP: 6/28 [kobold (1)]
   584 | D:1      | HP: 1/28 [kobold (3)]
   584 | D:1      | Slain by a kobold

Table legend:
 A = Turns spent in this place as a percentage of turns spent in the entire game.
 B = Non-inter-level travel turns spent in this place as a percentage of non-inter-level travel turns spent in the entire game.
 C = Inter-level travel turns spent in this place as a percentage of turns spent in this place.
 D = Turns resting spent in this place as a percentage of non-inter-level travel turns spent in this place.
 E = Turns spent auto-exploring this place as a percentage of non-inter-level travel turns spent in this place.
 F = Non-inter-level travel turns spent in this place divided by the number of levels of this place that you've seen.
                   A       B       C       D       E      F
               +-------+-------+-------+-------+-------+----------------------
         Total | 100.0 | 100.0 |   0.0 |  57.4 |  10.6 | 584.0
       Dungeon | 100.0 | 100.0 |   0.0 |  57.4 |  10.6 | 584.0
               +-------+-------+-------+-------+-------+----------------------

Table legend:
 A = Kills in this place as a percentage of kills in entire the game.
 B = Kills by you in this place as a percentage of kills by you in the entire game.
 C = Kills by friends in this place as a percentage of kills by friends in the entire game.
 D = Other kills in this place as a percentage of other kills in the entire game.
 E = Experience gained in this place as a percentage of experience gained in the entire game.
 F = Experience gained in this place divided by the number of levels of this place that you have seen.
                   A       B       C       D       E      F
               +-------+-------+-------+-------+-------+----------------------
         Total | 100.0 | 100.0 |   N/A |   N/A | 100.0 |  18.0
       Dungeon | 100.0 | 100.0 |   N/A |   N/A | 100.0 |  18.0
               +-------+-------+-------+-------+-------+----------------------

Skill      XL: |  1  2 |
---------------+-------+-----
Dodging        | 2 |  2.0
Maces & Flails | 1 |  1.1
Fighting       | |  1.9
Throwing       | |  2.0
Spellcasting   | |  1.2
Hexes          | |  2.6

Action                   || total
-------------------------++-------
Melee: Unarmed           ||    30
       Club              ||    44
 Cast: Corona            ||     7
Armor: Robe              ||    56
Dodge: Dodged            ||    79

Vanquished Creatures
  2 giant cockroaches (D:1)
  2 kobolds (D:1)
  3 bats (D:1)
  3 goblins (D:1)
  A rat (D:1)
11 creatures vanquished.

Vanquished Creatures (others)
  5 toadstools (D:1)
5 creatures vanquished.

Grand Total: 16 creatures vanquished
